 Dungeon Crawl Stone Soup version 0.17-a0-1830-g81820eb (webtiles) character file.

5974 KambridgeKobold the Protected (level 10, 82/84 HPs)
             Began as a Minotaur Fighter on Sept 13, 2015.
             Was an Elder of Okawaru.
             Starved to death
             ... on level 10 of the Dungeon.
             The game lasted 00:36:58 (10269 turns).

KambridgeKobold the Protected (Minotaur Fighter)   Turns: 10269, Time: 00:36:58

Health: 82/84      AC: 21    Str: 22    XL:     10   Next: 55%
Magic:  13/13      EV:  7    Int:  6    God:    Okawaru [****..]
Gold:   370        SH:  0    Dex: 11    Spells: 0 memorised, 9 levels left

rFire  . . .     SeeInvis .     a - +0 great mace
rCold  + . .     Clarity  .     R - +0 plate armour
rNeg   . . .     SustAt   .     (no shield)
rPois  .         Gourm    .     k - +1 hat
rElec  .         Spirit   .     t - +1 cloak
rCorr  .         Warding  .     G - +0 pair of gloves
rMut   .         Stasis   .     w - +0 pair of boots
MR     .....                    (no amulet)
Stlth  ..........               (no ring)
                                f - ring of protection from cold

@: fainting, not resistant to hostile enchantments, extremely unstealthy
A: retaliatory headbutt, horns 2
a: Heroism, Renounce Religion


You were on level 10 of the Dungeon.
You worshipped Okawaru.
Okawaru was greatly pleased with you.
You were fainting.

You visited 2 branches of the dungeon, and saw 11 of its levels.
You also visited: Sewer.

You collected 370 gold pieces.

Inventory:

Hand weapons
 a - a +0 great mace (weapon)
 b - a +2 war axe of venom
 B - a +1 flail of holy wrath
 D - a +1 antimagic hand axe
 T - a +0 dire flail
 U - a +0 war axe of freezing
Missiles
 F - 5 tomahawks of returning (quivered)
 L - 2 tomahawks
Armour
 c - a +0 shield
 k - a +1 hat (worn)
 t - a +1 cloak (worn)
 w - a +0 pair of boots (worn)
 C - a +1 scale mail of fire resistance
 G - a +0 pair of gloves (worn)
 P - a +0 chain mail
 R - a +0 plate armour (worn)
Jewellery
 f - a ring of protection from cold (left hand)
Magical devices
 p - a wand of digging (13)
 I - a wand of confusion (20)
 O - a wand of frost (37)
 S - a wand of digging (14)
Scrolls
 g - a scroll of magic mapping
 h - 3 scrolls of enchant weapon
 o - a scroll of recharging {unknown}
 r - a scroll of immolation {unknown}
 u - 3 scrolls of teleportation
 y - a scroll of random uselessness {unknown}
 H - a scroll of blinking {unknown}
 J - a scroll of torment {unknown}
 N - a scroll of fear {unknown}
 Q - a scroll of enchant armour {unknown}
Potions
 d - 2 potions of might
 i - 2 potions of agility
 l - a potion of cure mutation
 m - a potion of mutation {unknown}
 q - 4 potions of brilliance
 s - 2 potions of haste
 x - 3 potions of flight
 A - 2 potions of ambrosia
 E - 6 potions of curing
 K - a potion of resistance
 M - 2 potions of heal wounds
Comestibles
 e - 5 bread rations
 j - 8 fruits
 n - 3 beef jerkies
 v - 3 slices of pizza
 z - 12 chunks of flesh


   Skills:
 + Level 6.4 Fighting
 + Level 10.9 Axes
 + Level 11.2 Armour
 - Level 3.7 Shields
 - Level 5.0 Invocations
 + Level 6.0 Evocations


You had 9 spell levels left.
You didn't know any spells.

Dungeon Overview and Level Annotations

Branches:
Dungeon (10/15)            Temple (1/1) D:4            Lair (0/8) D:9
    Orc: D:9-12

Altars:
Cheibriados
Dithmenos
Elyvilon
Fedhas
Gozag
Kikubaaqudgha
Makhleb
Nemelex Xobeh
Okawaru
Qazlal
Ru
Sif Muna
Trog
Xom
Yredelemnul
Zin
The Shining One

Shops:
D:4 %   D:5 %   D:8 [


Innate Abilities, Weirdness & Mutations

You reflexively headbutt those who attack you in melee.
You have a pair of horns on your head.


Message History

The hungry ghost hits you.
You feel slightly more hungry.
You closely miss the hungry ghost. Your headbutt misses the hungry ghost.
The hungry ghost is severely damaged.
The hungry ghost hits you.
You feel slightly more hungry.
You miss the hungry ghost.
The hungry ghost is severely damaged.
The hungry ghost hits you.
You feel slightly more hungry. The hungry ghost hits you.
You feel slightly more hungry.
Your plate armour prevents you from hitting the hungry ghost.
Your headbutt misses the hungry ghost.
The hungry ghost is severely damaged.
The hungry ghost hits you.
You feel slightly more hungry.
You barely miss the hungry ghost. Your headbutt misses the hungry ghost.
The hungry ghost is severely damaged.
The hungry ghost hits you. x2
Your plate armour prevents you from hitting the hungry ghost.
Your headbutt misses the hungry ghost.
The hungry ghost is severely damaged.
You have starved to death.
You die...

.........#
.........#
.........#
.........#
.........#
.........#
.......W.#
.......@.#
..##.....########
#............#
#............#
#............#
#.....######.#
#.....# #.#
#.....# #.#
#.....# #.#


You could see a hungry ghost.

Vanquished Creatures
  The ghost of asdu the Cleaver, an experienced DDBe of Trog (D:9)
  Joseph (D:9)
  A gargoyle (D:9)
  Prince Ribbit (D:5)
  A deep elf mage (D:9)
  Eustachio (D:5)
  2 hippogriffs (D:9)
  Edmund (D:5)
  A hungry ghost (D:5)
  Duvessa (D:7)
  3 ice beasts
  An ogre (D:9)
  2 sky beasts
  A black bear (D:9)
  The ghost of asdu the Grave Robber, an average DDNe of Makhleb (D:6)
  An eye of draining (D:8)
  An orc warrior (D:10)
  2 crocodiles (D:9)
  4 centaurs
  3 big kobolds
  3 giant frogs
  Dowan (D:7)
  3 scorpions
  2 centaur zombies
  A jelly (D:8)
  3 crimson imps
  A giant frog zombie (D:5)
  10 orc priests
  A giant frog skeleton (D:6)
  2 centaur skeletons
  9 orc wizards
  Crazy Yiuf (D:2)
  Ijyb (D:2)
  5 hounds
  8 iguanas
  Jessica (D:2)
  2 worker ants
  A hound skeleton (D:7)
  Robin (D:3)
  6 adders
  8 gnolls
  13 river rats
  2 shadow imps
  6 adder skeletons
  An ooze (Sewer)
  3 worms
  7 giant geckos
  51 orcs
  7 bats
  5 giant cockroaches
  8 goblins
  11 hobgoblins
  13 jackals
  8 quokkas
  3 ball pythons
  A ball python zombie (D:5)
  5 giant newts
  A jackal skeleton (D:4)
  15 kobolds
  28 rats
  A fungus (D:9)
289 creatures vanquished.

Notes
Turn   | Place    | Note
--------------------------------------------------------------
     0 | D:1      | KambridgeKobold the Minotaur Fighter began the quest for the Orb.
     0 | D:1      | Reached XP level 1. HP: 19/19 MP: 0/0
   352 | D:1      | Reached XP level 2. HP: 21/27 MP: 1/1
   797 | D:1      | Reached skill level 4 in Armour
   866 | D:2      | Noticed Ijyb
   873 | D:2      | Killed Ijyb
   873 | D:2      | Reached XP level 3. HP: 30/33 MP: 2/2
  1130 | D:2      | Noticed Jessica
  1145 | D:2      | Killed Jessica
  1145 | D:2      | Reached XP level 4. HP: 37/41 MP: 3/3
  1443 | D:2      | Noticed Crazy Yiuf
  1454 | D:2      | Killed Crazy Yiuf
  1454 | D:2      | Reached skill level 5 in Armour
  1820 | D:2      | Found a sparkling altar of Nemelex Xobeh.
  1938 | D:3      | Noticed Robin
  1950 | D:3      | Reached XP level 5. HP: 47/47 MP: 4/4
  1958 | D:3      | Killed Robin
  1972 | D:3      | Reached skill level 5 in Fighting
  2764 | D:4      | Reached XP level 6. HP: 49/56 MP: 5/5
  2897 | D:4      | Found Luic Utaq's Food Emporium.
  3196 | D:4      | Reached skill level 5 in Axes
  3196 | D:4      | Reached skill level 6 in Armour
  3222 | D:4      | Found a staircase to the Ecumenical Temple.
  3229 | Temple   | Entered the Ecumenical Temple
  3428 | Temple   | Became a worshipper of Warmaster Okawaru
  3853 | D:4      | Reached XP level 7. HP: 56/63 MP: 2/6
  4253 | D:5      | Entered Level 5 of the Dungeon
  4282 | D:5      | Noticed Eustachio
  4295 | D:5      | Killed Eustachio
  4295 | D:5      | Reached skill level 7 in Armour
  4612 | D:5      | Noticed Prince Ribbit
  4617 | D:5      | Killed Prince Ribbit
  4617 | D:5      | Acquired Okawaru's first power
  4617 | D:5      | Reached skill level 8 in Armour
  4617 | D:5      | Reached skill level 1 in Evocations
  4617 | D:5      | Reached XP level 8. HP: 64/70 MP: 6/8
  4844 | D:5      | Found Udefol's Food Emporium.
  5401 | D:5      | Noticed Edmund
  5416 | D:5      | Killed Edmund
  5514 | D:5      | Reached skill level 9 in Armour
  5738 | D:6      | Noticed asdu's ghost (average DDNe)
  5746 | D:6      | Killed asdu's ghost
  5770 | D:6      | Reached XP level 9. HP: 41/75 MP: 11/11
  5784 | D:6      | Found a glowing drain.
  5796 | Sewer    | Entered a sewer
  6213 | Sewer    | Reached skill level 1 in Invocations
  6501 | D:6      | Found a basalt altar of Yredelemnul.
  7089 | D:7      | Reached skill level 10 in Armour
  7284 | D:7      | Noticed Duvessa
  7284 | D:7      | Noticed Dowan
  7292 | D:7      | Killed Duvessa
  7292 | D:7      | Killed Dowan
  8008 | D:8      | Found a glowing silver altar of Zin.
  8119 | D:8      | Reached skill level 10 in Axes
  8130 | D:8      | Found Pusuum's Antique Armour Boutique.
  8546 | D:8      | Found a glowing golden altar of the Shining One.
  8553 | D:8      | Found a deep blue altar of Sif Muna.
  8609 | D:9      | Reached skill level 5 in Evocations
  8737 | D:9      | Reached XP level 10. HP: 65/83 MP: 12/12
  8842 | D:9      | Noticed a gargoyle
  8851 | D:9      | Killed a gargoyle
  9080 | D:9      | Found a staircase to the Lair.
  9173 | D:9      | Noticed Joseph
  9184 | D:9      | Killed Joseph
  9344 | D:9      | Reached skill level 11 in Armour
  9513 | D:9      | Reached skill level 5 in Invocations
  9621 | D:9      | Noticed asdu's ghost (experienced DDBe)
  9636 | D:9      | Killed asdu's ghost
 10028 | D:9      | Found a snail-covered altar of Cheibriados.
 10060 | D:10     | Entered Level 10 of the Dungeon
 10269 | D:10     | Starved to death

Vault maps used:
D:1:      lordsloth_arrival_two_stooges, nrook_mini_backslash
D:2:      serial_curves, eino_curves_01, eino_curves_02, eino_curves_01,
          eino_curves_02, glass_columns_a, nemelex_spade_bored_becter,
          uniq_jessica, uniq_iyjb, uniq_crazy_yiuf_cottage
D:3:      first_bread, uniq_robin
D:4:      minmay_temple_entry_junction2, serial_shops, shop, serial_forest,
          infiniplex_forest_lined_4_way, infiniplex_forest_lined_room_,
          infiniplex_forest_lined_4_way, infiniplex_forest_clump_curved,
          infiniplex_forest_clump_double, infiniplex_forest_corner_1,
          infiniplex_forest_straight_3, infiniplex_forest_lined_corner,
          infiniplex_forest_clump_tiny
D:5:      serial_shops, nicolae_shop_scaring_up_business,
          minmay_stone_trees_medium, uniq_prince_ribbit1, uniq_edmund,
          uniq_eustachio
D:6:      nicolae_overflow_hidden_temple, yredelemnul_altar_generic,
          portal_sewer_entry_e, dk_rats_in_the_wall
D:7:      uniq_duvessa
D:8:      old_standard_altar, amethyst_overflow_temple_binary, serial_shops,
          shop
D:9:      lemuel_coloured_pillars_altar, dpeg_oklobed_lair, uniq_joseph
D:10:     basic_altar
Temple:   chambers_temple_12
Sewer:    sewer_co_15_rooms

Action                   |  1- 3 |  4- 6 |  7- 9 | 10-12 || total
-------------------------+-------+-------+-------+-------++-------
Melee: War axe           |    53 |   120 |   355 |    11 ||   539
       Hand axe          |       |    58 |    11 |       ||    69
       Great mace        |       |       |    18 |   111 ||   129
Invok: Heroism           |       |       |     1 |     1 ||     2
Evoke: Wand              |       |       |     1 |     1 ||     2
  Use: Scroll            |       |     1 |    15 |       ||    16
  Eat: Chunk             |     1 |     9 |    22 |     8 ||    40
